 Dungeon Crawl Stone Soup version 0.17-a0-1979-g1c74939 (webtiles) character file.

2996 BarneyGumball the Transmogrifier (level 9, 0/64 HPs)
             Began as a Pale Draconian Transmuter on Oct 5, 2015.
             Was a Follower of Cheibriados.
             Killed from afar by Erica (23 damage)
             ... with an orb of energy
             ... on level 8 of the Dungeon.
             The game lasted 00:51:40 (7555 turns).

BarneyGumball the Transmogrifier (DrTm)             Turns: 7555, Time: 00:51:40

Health: 0/64       AC: 10    Str: 16    XL:     9   Next: 54%
Magic:  13/13      EV: 16    Int: 16    God:    Cheibriados [*.....]
Gold:   316        SH:  0    Dex: 18    Spells: 3 memorised, 5 levels left

rFire  x . .     SeeInvis .       - Unarmed
rCold  + . .     Clarity  .     (armour unavailable)
rNeg   . . .     SustAt   .     (no shield)
rPois  .         Gourm    .     (helmet restricted)
rElec  .         Spirit   .     u - +0 cloak {+Inv}
rCorr  .         Warding  .     C - +0 pair of gloves
rMut   .         Stasis   .     w - +0 pair of boots
MR     .....                    e - amulet of regeneration
Stlth  ++........               F - ring of ice
                                z - ring of wizardry

@: lethally poisoned (0 -> -3), very slow, not resistant to hostile
enchantments, unstealthy
A: breathe steam, unfitting armour, cold-blooded, AC +7
a: Breathe Steam, Bend Time, Renounce Religion, Evoke Invisibility


You were on level 8 of the Dungeon.
You worshipped Cheibriados.
Cheibriados was aware of your devotion.
You were not hungry.

You visited 2 branches of the dungeon, and saw 9 of its levels.

You collected 316 gold pieces.

Inventory:

Missiles
 k - 2 poisoned needles
 G - 12 arrows
 I - 30 stones (quivered)
Armour
 u - a +0 cloak of invisibility (worn)
 w - a +0 pair of boots (worn)
 C - a +0 pair of gloves (worn)
Jewellery
 e - an amulet of regeneration (around neck)
 z - a ring of wizardry (left hand)
 F - a ring of ice (right hand)
Wands
 m - a wand of fireball (2)
 r - a wand of confusion (41)
 H - a wand of frost (14)
 J - a wand of polymorph (12)
Scrolls
 f - 2 scrolls of magic mapping
 p - 4 scrolls of remove curse
 t - a scroll of enchant weapon {unknown}
 v - 3 scrolls of fog {unknown}
 x - 2 scrolls of random uselessness {unknown}
 y - a scroll of blinking {unknown}
 A - a scroll of teleportation {unknown}
 B - a scroll of silence {unknown}
 E - 3 scrolls of identify
 K - a scroll of enchant armour
Potions
 a - a potion of poison {unknown}
 d - 2 potions of might
 h - a potion of curing {unknown}
 i - a potion of cancellation {unknown}
 j - 2 potions of haste {unknown}
 l - 2 potions of mutation {unknown}
 o - a potion of beneficial mutation {unknown}
 q - a potion of brilliance {unknown}
 D - a potion of agility {unknown}
Books
 b - a book of Changes

   Spells                             Type                      Level
   a - Beastly Appendage              Transmutation                1
   b - Sticks to Snakes               Transmutation                2
   c - Spider Form                    Transmutation/Poison         3
   d - Ice Form                       Ice/Transmutation            4
   e - Blade Hands                    Transmutation                5
 g - a book of the Dragon

   Spells                             Type                      Level
   a - Flame Tongue                   Conjuration/Fire             1
   b - Cause Fear                     Hexes                        4
   c - Bolt of Fire                   Conjuration/Fire             6
   d - Dragon Form                    Transmutation                7
   e - Dragon's Call                  Summoning                    9
Comestibles
 c - 5 bread rations
 s - a chunk of flesh


   Skills:
 - Level 1.1 Fighting
 + Level 5.7 Dodging
 * Level 4.7 Unarmed Combat
 - Level 3.0 Spellcasting
 - Level 11.1 Transmutations


You had 5 spell levels left.
You knew the following spells:

 Your Spells              Type           Power        Failure   Level  Hunger
a - Beastly Appendage     Trmt           #####.       1%          1    #......
b - Spider Form           Trmt/Pois      ###.......   3%          3    ###....
c - Blade Hands           Trmt           #####.....   3%          5    ######.


Dungeon Overview and Level Annotations

Branches:
Dungeon (8/15)             Temple (1/1) D:6
   Lair: D:8-11

Altars:
Cheibriados
Dithmenos
Elyvilon
Gozag
Kikubaaqudgha
Makhleb
Nemelex Xobeh
Okawaru
Qazlal
Ru
Sif Muna
Vehumet
Xom
Zin
The Shining One
Lugonu

Shops:
D:4 :   D:5 (

Annotations:
D:2 Sigmund
D:7 Joseph; Ziggystardust's ghost, novice TrTm
D:8 Erica; Grum; Maurice


Innate Abilities, Weirdness & Mutations

You can breathe blasts of scalding, opaque steam.
Your pale cyan-grey scales are hard (AC +7).
Your body does not fit into most forms of armour.
You are cold-blooded and may be slowed by cold attacks.


Message History

Reactivating autopickup.
Erica misses you. Something hits you! Something steals your book of Alchemy!
Deactivating autopickup; reactivate with Ctrl-A.
The worker ant zombie bites you but does no damage.
The worker ant zombie misses you.
Erica casts a spell.
Erica flickers and vanishes!
Something barely misses you.
The worker ant zombie bites you but does no damage.
You hear some strange, mumbled words.
A bolt of poison appears from out of thin air!
The bolt of poison hits the worker ant zombie.
The worker ant zombie completely resists.
The bolt of poison hits you!
You are poisoned.
The worker ant zombie closely misses you.
You hear some strange, mumbled words.
An orb of energy appears from out of thin air!
The orb of energy hits the worker ant zombie.
The orb of energy explodes!
The mystic blast hits you!
You die...

#######.######.....#
...(.........'.....#
#######..#####.....#
##.# #.....# #.#
#.....# #.# #...###
#.######..#
#.........#
#@.####...#
#.Z.......#
#.#{.###..#
#...<.....#
####.###.######
..<......[...#
###.###.####.#
#.###.####.####
#............†.


You could see a worker ant zombie.

Vanquished Creatures
  Pikel (D:6)
  Eustachio (D:6)
  3 wolves
  Menkaure (D:4)
  2 phantoms
  A black bear (D:8)
  2 sky beasts
  2 ice beasts
  An ogre (D:5)
  A centaur (D:7)
  3 giant frogs
  A scorpion (D:4)
  3 killer bees
  A crimson imp (D:4)
  A centaur zombie (D:7)
  3 orc wizards
  A centaur skeleton (D:5)
  2 iguanas
  Crazy Yiuf (D:4)
  2 hounds (D:5)
  A jelly (D:5)
  A giant frog skeleton (D:5)
  Jessica (D:2)
  4 worker ants
  A hound zombie (D:6)
  A hound skeleton (D:4)
  A gnoll (D:4)
  10 adders
  3 oozes
  4 worms
  2 giant geckos
  11 orcs
  6 bats
  8 giant cockroaches
  5 hobgoblins
  6 jackals
  4 quokkas
  A ball python (D:1)
  A giant gecko skeleton (D:4)
  8 giant newts
  6 goblins
  A jackal skeleton (D:8)
  7 kobolds
  8 rats
134 creatures vanquished.

Vanquished Creatures (others)
  A slave (D:6)
1 creature vanquished.

Grand Total: 135 creatures vanquished

Notes
Turn   | Place    | Note
--------------------------------------------------------------
     0 | D:1      | BarneyGumball the Draconian Transmuter began the quest for the Orb.
     0 | D:1      | Reached XP level 1. HP: 16/16 MP: 3/3
   244 | D:1      | Reached XP level 2. HP: 23/23 MP: 5/5
   536 | D:2      | Noticed Sigmund
   792 | D:2      | Reached XP level 3. HP: 28/28 MP: 6/6
   891 | D:2      | Learned a level 3 spell: Spider Form
  1506 | D:2      | Noticed Jessica
  1518 | D:2      | Killed Jessica
  1518 | D:2      | Reached XP level 4. HP: 23/35 MP: 4/8
  1603 | D:3      | Reached skill level 4 in Transmutations
  1645 | D:3      | Found a glowing golden altar of the Shining One.
  1715 | D:3      | Reached XP level 5. HP: 40/40 MP: 5/9
  1760 | D:3      | Found a stormy altar of Qazlal.
  1861 | D:3      | Found a burning altar of Makhleb.
  2521 | D:3      | Reached skill level 5 in Transmutations
  2831 | D:4      | Found Qieffufi's Book Shop.
  3164 | D:4      | Reached XP level 6. HP: 45/47 MP: 7/10
  3239 | D:4      | Reached skill level 6 in Transmutations
  3592 | D:4      | Noticed Crazy Yiuf
  3599 | D:4      | Killed Crazy Yiuf
  3721 | D:4      | Noticed Menkaure
  3723 | D:4      | Killed Menkaure
  3723 | D:4      | Reached skill level 7 in Transmutations
  3723 | D:4      | Your scales start taking on a pale cyan-grey colour.
  3723 | D:4      | Reached XP level 7. HP: 52/52 MP: 11/11
  3920 | D:5      | Entered Level 5 of the Dungeon
  3925 | D:5      | Found a shadowy altar of Dithmenos.
  4024 | D:5      | Found Seteydag's Weapon Shoppe.
  4327 | D:5      | Reached skill level 8 in Transmutations
  4709 | D:5      | Reached XP level 8. HP: 59/59 MP: 8/12
  4739 | D:5      | Reached skill level 9 in Transmutations
  5326 | D:6      | Found a staircase to the Ecumenical Temple.
  5335 | Temple   | Entered the Ecumenical Temple
  5360 | Temple   | Became a worshipper of Cheibriados the Contemplative
  5572 | D:6      | Noticed Eustachio
  5605 | D:6      | Killed Eustachio
  5636 | D:6      | Found a shimmering altar of Xom.
  5808 | D:6      | Found a glowing silver altar of Zin.
  5874 | D:6      | Noticed Pikel
  5937 | D:6      | Killed Pikel
  5937 | D:6      | Reached skill level 10 in Transmutations
  5982 | D:6      | Found a glowing golden altar of the Shining One.
  5995 | D:6      | Reached XP level 9. HP: 64/64 MP: 13/13
  6467 | D:7      | Acquired Cheibriados's first power
  6618 | D:7      | Noticed Joseph
  6619 | D:7      | Noticed Ziggystardust's ghost (novice TrTm)
  6958 | D:8      | Noticed Grum
  6962 | D:8      | Reached skill level 5 in Dodging
  7014 | D:6      | Reached skill level 11 in Transmutations
  7145 | D:7      | Learned a level 5 spell: Blade Hands
  7530 | D:8      | Noticed Erica
  7537 | D:8      | Noticed Maurice
  7555 | D:8      | Killed from afar by Erica

Vault maps used:
D:1:      dpeg_arrival_tiny_c, minivault_4, serial_park_tiny_pond
D:2:      uniq_jessica, uniq_sigmund
D:3:      grunt_qazlal_sundering, lemuel_doored_altar, minmay_misc_feat_doors,
          tso_metal_star
D:4:      forest_paths, serial_shops, shop, first_bread, uniq_menkaure,
          uniq_crazy_yiuf_cottage
D:5:      serial_shops, shop, nicolae_dithmenos_shadow_blocks
D:6:      zin_statuary, nicolae_overflow_crystal_walls,
          minmay_temple_entry_large_hall, basic_altar, kennysheep_nondescript,
          uniq_pikel, uniq_eustachio
D:7:      grunt_livestock, nicolae_benzene_ring, item_on_display_a, uniq_joseph
D:8:      grunt_temple_overflow_open, kennysheep_mini_moat, uniq_erica,
          uniq_maurice, uniq_grum
Temple:   corrupted_temple

Action                   |  1- 3 |  4- 6 |  7- 9 || total
-------------------------+-------+-------+-------++-------
Melee: Unarmed           |   134 |   317 |   493 ||   944
Throw: Stone             |       |       |     6 ||     6
       Throwing net      |       |       |     2 ||     2
 Cast: Spider Form       |     1 |     7 |    14 ||    22
       Beastly Appendage |     1 |       |       ||     1
       Blade Hands       |       |       |     3 ||     3
 Abil: Breathe Steam     |       |       |     2 ||     2
Evoke: Wand              |       |     1 |     3 ||     4
  Use: Scroll            |     3 |     4 |     1 ||     8
       Potion            |       |       |     5 ||     5
 Stab: Sleeping          |     1 |     2 |     4 ||     7
  Eat: Chunk             |     2 |     3 |     4 ||     9
       Fruit             |       |     3 |       ||     3
       Meat ration       |       |     1 |     1 ||     2
       Royal jelly       |       |       |     1 ||     1
       Pizza             |       |       |     2 ||     2
       Bread ration      |       |       |     1 ||     1
